 Dungeon Crawl Stone Soup version 0.28-a0-1038-g9c4cb8273d (webtiles) character file.

Game seed: 9425201915040148286

991 siradein the Skirmisher (level 7, -2/63 HPs)
             Began as a Black Draconian Fighter on Dec 8, 2021.
             Succumbed to a water moccasin's poison
             ... on level 5 of the Dungeon.
             The game lasted 00:06:47 (5261 turns).

siradein the Skirmisher (Black Draconian Fighter)   Turns: 5261, Time: 00:06:47

Health: -2/63      AC:  7    Str: 19    XL:     7   Next: 98%
Magic:  7/7        EV: 13    Int:  8    God:
Gold:   99         SH:  5    Dex: 12    Spells: 6/6 levels left

rFire   . . .      SeeInvis .   t - +0 whip (freeze)
rCold   . . .      Faith    +   b - +0 buckler
rNeg    . . .      Spirit   .   (armour unavailable)
rPois   .          Reflect  .   (helmet restricted)
rElec   +          Harm     .   (no cloak)
rCorr   .          Rampage  .   p - +0 pair of gloves
Will    .....                   (no boots)
Stlth   +.........              a - amulet of faith
HPRegen 0.20/turn               (no ring)
MPRegen 0.10/turn               (no ring)

@: lethally poisoned (-2 -> -17), short of breath
A: breathe lightning, AC +6, unfitting armour, electricity resistance,
cold-blooded
a: Breathe Lightning


You were on level 5 of the Dungeon.
You visited 1 branch of the dungeon, and saw 5 of its levels.

You collected 99 gold pieces.

Inventory:

Hand Weapons
 t - a +0 whip of freezing (weapon)
Missiles
 d - 35 poisoned darts
 m - a throwing net
Armour
 b - a +0 buckler (worn)
 p - a +0 pair of gloves (worn)
Jewellery
 a - an amulet of faith (around neck)
 i - an amulet of guardian spirit
 o - a ring of wizardry
Wands
 w - a wand of flame (15)
Scrolls
 e - a scroll of silence {unknown}
 f - 2 scrolls of immolation {unknown}
 g - a scroll of acquirement {unknown}
 h - a scroll of magic mapping {unknown}
 j - a scroll of enchant armour {unknown}
 k - a scroll of fog {unknown}
 l - a scroll of brand weapon {unknown}
 n - a scroll of torment {unknown}
 q - a scroll of identify {unknown}
 r - 2 scrolls of amnesia {unknown}
 s - a scroll of vulnerability {unknown}
Potions
 c - a potion of might
 u - a potion of invisibility {unknown}
 v - a potion of degeneration {unknown}


   Skills:
 + Level 6.0 Fighting
 + Level 4.9 Maces & Flails
 + Level 4.9 Dodging
 + Level 5.4 Shields


You had 6 spell levels left.
You didn't know any spells.
Your spell library contained the following spells:

 Spells                   Type           Power      Damage    Failure   Level
 Summon Small Mammal      Summ           0%         N/A       41%         1
 Call Canine Familiar     Summ           0%         N/A       78%         3
 Summon Guardian Golem    Hex/Summ       0%         N/A       78%         3


Dungeon Overview and Level Annotations

Branches:
Dungeon (5/15)
 Temple: D:4-7

Altars:
Uskayaw
Wu Jian

Shops:
D:3 (


Innate Abilities, Weirdness & Mutations

You can breathe wild blasts of lightning.
Your glossy black scales are hard. (AC +6)
You cannot fit into any form of body armour.
You are resistant to electric shocks. (rElec)
You are cold-blooded and may be slowed by cold attacks.


Message History

The water moccasin bites you. The water moccasin misses you.
You hit the water moccasin.
The water moccasin seems to slow down.
You freeze the water moccasin.
The water moccasin is heavily wounded.
You block the water moccasin's attack.
You closely miss the water moccasin. You tail-slap the water moccasin.
The water moccasin is heavily wounded.
The water moccasin is no longer moving slowly.
The water moccasin bites you.
You are poisoned.
The water moccasin poisons you!
The water moccasin bites you but does no damage.
A scorpion comes into view.
You feel very sick.
The scorpion moves out of view.
You feel very sick. The water moccasin bites you.
You are more poisoned.
The water moccasin poisons you!
You feel very sick.
You feel very sick.
The howler monkey hoots and howls with incredible vigour!
You hear an angry hiss. x2; You hear a bark!
You feel very sick.
You barely miss the water moccasin.
The water moccasin is heavily wounded.
You feel very sick. The water moccasin closely misses you.
The water moccasin bites you.
* * * LOW HITPOINT WARNING * * *
You are lethally poisoned!
The water moccasin poisons you!
The howler monkey hoots and howls with incredible vigour!
You hear an angry hiss. x2
* * * LOW HITPOINT WARNING * * *
You feel very sick.
* * * LOW HITPOINT WARNING * * *
You feel very sick.
The water moccasin bites you but does no damage.
An adder comes into view.
You die...

#.<...†#
##.S##.#
#..##..#
##.h#..#
#..#h.#
#.J#..#
#.S#..####
#..#......
#.@...s#
##.##..#
#.. ....
#.## #..
#.# . #.#
#.# #..


You could see a water moccasin, a scorpion (wandering), a howler monkey, a jelly
and an adder.

Vanquished Creatures
  Pikel (D:4)
  A wyvern (D:4)
  An ogre (D:4)
  A water moccasin skeleton (D:4)
  A hound (D:4)
  An iguana (D:3)
  4 gnolls
  7 adders
  An ufetubus (D:4)
  A worm (D:5)
  4 dart slugs
  2 orcs (D:3)
  14 ball pythons
  3 bats (D:1)
  9 endoplasms
  3 giant cockroaches
  4 goblins
  9 hobgoblins
  6 jackals
  7 quokkas
  2 frilled lizards
  11 kobolds
  5 rats
98 creatures vanquished.

Vanquished Creatures (others)
  2 plants (D:2)
2 creatures vanquished.

Grand Total: 100 creatures vanquished

Notes
Turn   | Place    | Note
-------+----------+-------------------------------------------
     0 | D:1      | siradein the Draconian Fighter began the quest for the Orb.
     0 | D:1      | Reached XP level 1. HP: 19/19 MP: 1/1
    46 | D:1      | Reached XP level 2. HP: 11/26 MP: 2/2
   690 | D:1      | Reached XP level 3. HP: 33/33 MP: 3/3
  1963 | D:2      | Reached skill level 4 in Fighting
  1963 | D:2      | Reached XP level 4. HP: 9/40 MP: 0/4
  2693 | D:3      | Found Wusmysch's Weapon Shop.
  2780 | D:3      | Found a faded altar of an unknown god.
  3147 | D:3      | Reached XP level 5. HP: 9/46 MP: 2/5
  3409 | D:3      | Found an ornate altar of the Wu Jian Council.
  4181 | D:4      | Noticed an ogre
  4202 | D:4      | Killed an ogre
  4203 | D:4      | Reached XP level 6. HP: 53/53 MP: 6/6
  4235 | D:4      | Noticed Pikel
  4317 | D:4      | Killed Pikel
  4318 | D:4      | Reached skill level 5 in Fighting
  4318 | D:4      | Reached skill level 5 in Shields
  4318 | D:4      | Your scales start taking on a glossy black colour.
  4318 | D:4      | Reached XP level 7. HP: 21/61 MP: 0/7
  4318 | D:4      | Gained mutation: You are resistant to electric shocks.
                  | (rElec) [Black Draconian growth]
  4647 | D:4      | Noticed a +0 falchion
  4647 | D:4      | Noticed a +0 falchion
  4648 | D:4      | Noticed a +0 spear
  4648 | D:4      | Noticed a +0 dagger
  4648 | D:4      | Noticed a +0 short sword
  4649 | D:4      | Noticed a +0 short sword
  4649 | D:4      | Noticed a +0 dagger
  4651 | D:4      | Noticed a +0 spear
  4695 | D:4      | Found a hide-covered altar of Uskayaw.
  4781 | D:4      | Noticed a wyvern
  4788 | D:4      | Killed a wyvern
  4906 | D:4      | Reached skill level 6 in Fighting
  5236 | D:5      | Entered Level 5 of the Dungeon
  5260 | D:5      | HP: 2/63 [poisoned by a water moccasin]
  5261 | D:5      | Succumbed to a water moccasin's poison

Illustrated notes

Levels and vault maps discovered:
D:1:      dpeg_arrival_lava_altar, layout_loops_ring, minmay_hexomino_u4
D:2:      layout_basic, minmay_shallow_snake_nest
D:3:      layout_rooms, nzn_wu_jian_council_hall,
          chequers_ecumenical_altar_twisty, serial_glass, glass_columns_a,
          glass_columns_a, glass_columns_a, glass_columns_a, glass_columns_b,
          glass_columns_a, glass_columns_c, glass_columns_c, serial_shops,
          nicolae_shop_temple_entry_statues_fountains, minivault_14,
          minmay_cupped
D:4:      minmay_octagon_keep, layout_basic, nicolae_uskayaw_en_pointe,
          uniq_pikel
D:5:      layout_rooms, mainiacjoe_overflow_large_starburst

Skill      XL: |  1  2  3  4  5  6  7 |
---------------+----------------------+-----
Dodging        | 3 4 |  4.9
Fighting       | 4 5 6 |  6.0
Maces & Flails | 3 4 |  4.9
Shields        | 4 5 |  5.4

Action                   |  1- 3 |  4- 6 |  7- 9 || total
-------------------------+-------+-------+-------++-------
Melee: Flail             |   146 |   164 |       ||   310
       Tailslap          |    13 |    14 |     7 ||    34
       Whip              |       |       |    52 ||    52
Throw: Dart              |       |    24 |     1 ||    25
 Abil: Breathe Lightning |       |       |     4 ||     4
  Use: Potion            |     2 |       |       ||     2
 Stab: Sleeping          |     3 |     2 |       ||     5
Armor: Skin              |    38 |    56 |    20 ||   114
Dodge: Dodged            |   104 |    81 |    35 ||   220
Block: Buckler           |    29 |    38 |    10 ||    77

Table legend: (Time is in decaauts)
 A = Elapsed time spent in this place.
 B = Non-inter-level travel time spent in this place.
 C = Inter-level travel time spent in this place.
 D = Time resting spent in this place.
 E = Time spent auto-exploring this place.
 F = Levels seen in this place.
 G = Mean time per level.
                   A        B        C        D        E       F      G
               +--------+--------+--------+--------+--------+-----+--------+
         Total |   5344 |   5216 |    128 |    242 |   4037 |   5 | 1068.8 |
       Dungeon |   5344 |   5216 |    128 |    242 |   4037 |   5 | 1068.8 |
               +--------+--------+--------+--------+--------+-----+--------+

Top non-repeatable levels by time:
     D:2: 1492 daAuts
     D:1: 1461 daAuts
     D:3: 1193 daAuts
     D:4: 1174 daAuts
     D:5: 22 daAuts
